Map: Prion Terraces

Players

AcerNerchio (Nerchio) - Winner!

  • Race: Zerg Zerg

Shark

  • Race: Terran Terran
  • League: Platinum

Event: Gauntlet LotV Series 1 Qualifier 1

VOD

Have the link to the VOD?

Description

Time

  • Played on: Nov. 22, 2015, 3:57 p.m.
  • Length: 5:31

All games in this series

Show
View Real Time Build Order
Export as new Build Order

AcerNerchio Zerg - Winner!

Build Orders: Hatch First 

Get SALT Encoding   

  12  0:00  Drone  
  13  0:12  Overlord  
  13  0:17  Drone  
  14  0:31  Drone x2  
  14  0:34  Drone  
  17  0:54  Hatchery  
  17  0:56  Drone  
  17  0:59  Drone  
  18  1:13  Spawning Pool  
  18  1:16  Drone  
  18  1:19  Drone  
  18  1:22  Extractor  
  18  1:28  Drone  
  19  1:39  Overlord  
  19  2:00  Zergling x2  
  19  2:01  Zergling x2, Queen  
  21  2:05  Spine Crawler  
  23  2:11  Zergling x2  
  24  2:21  Roach Warren  
  24  2:22  Extractor  
  22  2:23  Zergling x2  
  19  2:39  Drone  
  19  2:44  Drone  
  18  2:54  Drone  
  19  3:11  Roach x4  
  26  3:18  Drone  
  27  3:31  Hatchery, Drone  
  27  3:40  Drone  
  28  3:42  Drone  
  29  3:48  Overlord  
  29  3:52  Drone  
  30  4:07  Ravager x2  
  33  4:10  Drone, Ravager  
  33  4:11  Drone x2  
  33  4:13  Drone  
  37  4:19  Overlord  
  37  4:26  Drone  
  38  4:34  Overlord  
  40  4:45  Roach  
  40  4:46  Roach x2  
  44  4:57  Roach x2  
  48  5:03  Zergling x4  
  47  5:07  Roach  
  46  5:18  Drone  
Show
View Real Time Build Order
Export as new Build Order

Shark Terran 

Build Orders:  

Get SALT Encoding   

  12  0:01  SCV  
  13  0:16  Supply Depot  
  13  0:40  Barracks  
  13  0:45  Barracks  
  13  0:49  SCV  
  14  1:01  SCV  
  16  1:18  SCV  
  16  1:24  Supply Depot  
  16  1:28  Marine  
  16  1:32  Marine  
  18  1:34  Orbital Command  
  18  1:46  Marine  
  19  1:50  Marine  
  21  2:01  SCV  
  21  2:02  Barracks  
  21  2:03  Marine  
  22  2:08  Bunker  
  22  2:17  Marine  
  22  2:19  SCV  
  22  2:21  Marine  
  22  2:22  Supply Depot  
  25  2:35  Marine  
  26  2:43  SCV  
  27  2:49  Marine  
  27  2:52  Refinery  
  27  2:55  SCV, Refinery  
  27  3:07  Marine  
  27  3:08  Command Center  
  27  3:09  SCV  
  29  3:21  SCV  
  30  3:33  SCV  
  31  3:45  Supply Depot, SCV  
  32  3:55  Bunker  
  32  3:57  Supply Depot x2  
  32  3:58  SCV  
  33  4:03  Barracks Tech Lab  
  33  4:04  Factory  
  33  4:10  SCV  
  34  4:22  SCV  
  35  4:27  Barracks Tech Lab  
  35  4:34  SCV  
  35  4:37  Marauder  
  37  4:46  SCV, Marauder  
  37  4:47  SCV  
  38  4:55  Marine  
  38  4:58  SCV, Marine  
  25  5:10  SCV  
Tags
 
Add a new tag
Caveats
  • Supply blocks, unpowered buildings, or Contaminate may cause inaccurate times.
  • Supply counts are checked every 10 seconds.